 Dungeon Crawl Stone Soup version 0.18.1-50-g88ac8fd (webtiles) character file.

11501 lorenzova the Eclecticist (level 11, 0/54 HPs)
             Began as a Deep Elf Conjurer on Oct 16, 2016.
             Was a High Priest of Sif Muna.
             Succumbed to a killer bee's poison
             ... on level 11 of the Dungeon.
             The game lasted 00:39:40 (16211 turns).

lorenzova the Eclecticist (Deep Elf Conjurer)      Turns: 16211, Time: 00:39:40

Health: 0/54       AC:  7    Str:  5    XL:     11   Next: 50%
Magic:  32/32      EV: 13    Int: 30    God:    Sif Muna [*****.]
Gold:   776        SH:  0    Dex: 15    Spells: 5 memorised, 25 levels left

rFire  . . .     SeeInvis .     N - +2 scimitar of Eternal Vigilance {slice, Int+3}
rCold  . . .     Gourm    .     a - +0 robe
rNeg   . . .     Faith    .     (no shield)
rPois  .         Spirit   .     X - +2 helmet {Int+3}
rElec  .         Dismiss  +     J - +0 cloak
rCorr  .         Reflect  .     x - +0 pair of gloves
SustAt .         Harm     .     (no boots)
MR     +....                    f - amulet of dismissal
Stlth  +++.......               s - ring of wizardry
                                e - ring of stealth

@: lethally poisoned (0 -> -35), sluggish, very slightly contaminated,
invisible, very slow, somewhat resistant to hostile enchantments, fairly
stealthy
A: no striking features
a: Channel Energy, Forget Spell, Renounce Religion


You were on level 11 of the Dungeon.
You worshipped Sif Muna.
Sif Muna was extremely pleased with you.
You were very hungry.

You visited 2 branches of the dungeon, and saw 12 of its levels.

You collected 776 gold pieces.

Inventory:

Hand Weapons
 i - a +0 dagger of protection
 N - the +2 scimitar of Eternal Vigilance (weapon) {slice, Int+3}
   (You found it on level 7 of the Dungeon)

   It inflicts extra damage upon your enemies.
   It affects your intelligence (+3).
Armour
 a - a +0 robe (worn)
 x - a +0 pair of gloves (worn)
 A - the +2 leather armour of Tuilih {rF+++ rC- MR+++ Str-3}
   (You found it on level 10 of the Dungeon)

   It affects your strength (-3).
   It renders you almost immune to fire.
   It makes you vulnerable to cold.
   It affects your resistance to hostile enchantments.
 J - a +0 cloak (worn)
 X - a +2 helmet of intelligence (worn)
Rods
 K - a +0 lightning rod (9/9)
   (You took it off an orc on level 6 of the Dungeon)
Jewellery
 e - a ring of stealth (left hand)
 f - an amulet of dismissal (around neck)
 s - a ring of wizardry (right hand)
 y - a +6 amulet of reflection {unknown}
 C - an uncursed amulet of rage
 R - an uncursed ring of wizardry
 V - an uncursed amulet of faith
 Z - a +2 ring of strength
Wands
 O - a wand of iceblast (9/15)
 P - a wand of random effects (24/48)
 T - a wand of paralysis (6/24)
 W - a wand of acid (11/15)
Scrolls
 k - 13 scrolls of remove curse
 m - 2 scrolls of fear {unknown}
 p - a scroll of fog {unknown}
 q - a scroll of noise {unknown}
 r - 2 scrolls of random uselessness {unknown}
 u - 6 scrolls of teleportation {unknown}
 E - 4 scrolls of immolation {unknown}
 F - 2 scrolls of amnesia {unknown}
 G - 3 scrolls of recharging {unknown}
 M - a scroll of enchant weapon {unknown}
 Q - a scroll of silence {unknown}
 S - a scroll of blinking {unknown}
Potions
 d - a potion of cancellation
 g - 5 potions of curing
 h - 4 potions of flight
 j - 3 potions of might
 l - 5 potions of mutation
 t - a potion of magic
 w - 3 potions of heal wounds
 z - 2 potions of agility
 H - a potion of cure mutation
 I - 2 potions of brilliance
 L - 3 potions of lignification
Books
 b - a book of Conjurations

   Spells                             Type                      Level
   a - Magic Dart                     Conjuration                  1
   b - Searing Ray                    Conjuration                  2
   c - Dazzling Spray                 Conjuration/Hexes            3
   d - Fulminant Prism                Conjuration/Hexes            4
   e - Iskenderun's Mystic Blast      Conjuration                  4
   f - Iskenderun's Battlesphere      Conjuration/Charms           5
 D - a book of Burglary

   Spells                             Type                      Level
   a - Swiftness                      Charms/Air                   2
   b - Passwall                       Transmutation/Earth          2
   c - Passage of Golubria            Translocation                4
   d - Lee's Rapid Deconstruction     Earth                        5
   e - Darkness                       Hexes                        6
   f - Invisibility                   Hexes                        6
Comestibles
 c - 13 bread rations
 n - 3 beef jerkies
 o - 6 fruits
 v - 2 slices of pizza
 Y - 2 meat rations


   Skills:
 - Level 2.4 Dodging
 - Level 2.4 Stealth
 + Level 15.5 Spellcasting
 + Level 13.6 Conjurations
 - Level 5.4 Charms
 - Level 4.0 Air Magic


You had 25 spell levels left.
You knew the following spells:

 Your Spells              Type           Power        Failure   Level  Hunger
a - Magic Dart            Conj           ####         0%          1    None
b - Iskenderun's Battles  Conj/Chrm      ######..     1%          5    None
c - Iskenderun's Mystic   Conj           #######.     1%          4    None
d - Fulminant Prism       Conj/Hex       ######....   1%          4    None
e - Swiftness             Chrm/Air       ######..     1%          2    None


Dungeon Overview and Level Annotations

Branches:
Dungeon (11/15)            Temple (1/1) D:7            Lair (0/8) D:8
    Orc: D:9-12

Altars:
Ashenzari
Cheibriados
Dithmenos
Fedhas
Gozag
Kikubaaqudgha
Nemelex Xobeh
Okawaru
Pakellas
Qazlal
Ru
Sif Muna
Trog
Vehumet
Xom
Yredelemnul
Zin
The Shining One

Shops:
D:10 }

Annotations:
D:7 nikopol's ghost, novice HOFi


Message History

The killer bee poisons you!
The killer bee disappears!
The killer bee stings you.
You are lethally poisoned!
The killer bee poisons you! The killer bee completely misses you.
Drink which item? (? for menu, Esc to quit)
You fade into invisibility!
You feel sick. The killer bee closely misses you. The killer bee stings you.
* * * LOW HITPOINT WARNING * * *
Your amulet of dismissal vibrates suddenly!
You are more poisoned.
The killer bee poisons you!
The killer bee disappears!
The killer bee barely misses you.
You are very lightly contaminated with residual magic.
* * * LOW HITPOINT WARNING * * *
You feel very sick. The killer bee stings you!
* * * LOW HITPOINT WARNING * * *
You are more poisoned.
The killer bee poisons you! The killer bee barely misses you.
You die...

##########
#........###########
#........##........#
#........##........#
+........#.........#
#..>.....y.).......#
#......@.##........#
###'########.#######
##(# #.# #..#
#.###### #### #.##
#......# ...# #.#
######'#### ...# #.#
#.........#
...########.######
###.#####.#
...'...............
.. #yy.#.#


You could see a killer bee.

Vanquished Creatures
  A hydra (D:9)
  A centaur warrior (D:9)
  Nergalle (D:10)
  A hill giant (D:9)
  A cyclops (D:9)
  An ugly thing (D:9)
  A manticore (D:9)
  A troll (D:8)
  A polar bear (shapeshifter) (D:9)
  2 two-headed ogres
  Sigmund (D:5)
  A spriggan (D:7)
  A hungry ghost (D:9)
  A hippogriff (D:9)
  3 water moccasins
  An orc warrior (D:8)
  2 sky beasts (D:9)
  4 ice beasts
  A necrophage (D:8)
  4 ogres
  A black bear (D:9)
  3 phantoms
  A crocodile (D:9)
  4 centaurs
  2 big kobolds (D:10)
  10 giant frogs
  4 scorpions
  13 killer bees
  A wight (D:9)
  2 howler monkeys
  A crimson imp (D:9)
  A giant frog zombie (D:6)
  3 quasits
  A wasp zombie (D:9)
  A centaur zombie (D:5)
  2 giant frog skeletons (D:10)
  4 jellies
  6 orc priests
  10 hounds
  11 orc wizards
  2 centaur skeletons
  3 iguanas
  11 worker ants
  A hound zombie (D:11)
  A hound skeleton (D:7)
  A worker ant zombie (D:2)
  Robin (D:4)
  4 gnolls
  16 adders
  A howler monkey skeleton (D:8)
  A river rat (D:8)
  6 shadow imps
  An ooze (D:2)
  An adder skeleton (D:2)
  6 worms
  A dart slug (D:1)
  2 giant geckos
  45 orcs
  4 ball pythons
  4 bat zombies
  6 giant cockroaches
  23 goblins
  12 hobgoblins
  2 jackals (D:1)
  15 kobolds
  5 quokkas
  2 ball python zombies (D:2)
  12 bats
  6 giant newts
  A jackal zombie (D:9)
  2 quokka zombies
  15 rats
  A rat zombie (D:6)
325 creatures vanquished.

Vanquished Creatures (others)
  The ghost of lorenzova the Thaumaturge, a novice DECj of Sif Muna (D:6)
  A fulminant prism (D:6)
2 creatures vanquished.

Grand Total: 327 creatures vanquished

Notes
Turn   | Place    | Note
--------------------------------------------------------------
     0 | D:1      | lorenzova the Deep Elf Conjurer began the quest for the Orb.
     0 | D:1      | Reached XP level 1. HP: 10/10 MP: 6/6
   250 | D:1      | Reached XP level 2. HP: 6/15 MP: 4/8
   849 | D:1      | Reached skill level 4 in Spellcasting
  1054 | D:1      | Reached XP level 3. HP: 19/19 MP: 8/10
  1098 | D:2      | Reached skill level 5 in Conjurations
  1565 | D:2      | Reached XP level 4. HP: 24/24 MP: 7/12
  1622 | D:2      | Learned a level 4 spell: Iskenderun's Mystic Blast
  2011 | D:3      | Reached skill level 5 in Spellcasting
  2679 | D:3      | Reached XP level 5. HP: 28/28 MP: 14/14
  3167 | D:4      | Noticed a phantom
  3483 | D:3      | Reached skill level 6 in Spellcasting
  4021 | D:3      | Found a sparkling altar of Nemelex Xobeh.
  4031 | D:3      | Learned a level 4 spell: Fulminant Prism
  4158 | D:4      | Reached XP level 6. HP: 32/32 MP: 12/17
  4476 | D:4      | Reached skill level 7 in Spellcasting
  4724 | D:4      | Noticed Robin
  4726 | D:4      | Killed Robin
  4984 | D:4      | Reached XP level 7. HP: 36/36 MP: 15/19
  5577 | D:5      | Entered Level 5 of the Dungeon
  5607 | D:5      | Reached skill level 8 in Spellcasting
  5989 | D:5      | Reached skill level 9 in Spellcasting
  6107 | D:5      | Reached XP level 8. HP: 41/41 MP: 12/23
  6219 | D:5      | Found a bloodstained altar of Trog.
  6371 | D:5      | Noticed Sigmund
  6374 | D:5      | Killed Sigmund
  7056 | D:5      | Reached skill level 10 in Spellcasting
  7450 | D:5      | Found an iron altar of Okawaru.
  8208 | D:6      | Found an ancient bone altar of Kikubaaqudgha.
  8357 | D:6      | Reached skill level 11 in Spellcasting
  8664 | D:6      | Noticed lorenzova's ghost (novice DECj)
  8670 | D:6      | Killed lorenzova's ghost
  8670 | D:6      | Reached skill level 10 in Conjurations
  8670 | D:6      | Reached XP level 9. HP: 16/45 MP: 8/26
  9311 | D:7      | Noticed nikopol's ghost (novice HOFi)
  9594 | D:7      | Got a polished scimitar
  9595 | D:7      | Identified the +2 scimitar of Eternal Vigilance {slice, Int+3} (You found it on level 7 of the Dungeon)
  9961 | D:7      | Reached skill level 12 in Spellcasting
 10494 | D:7      | Found a staircase to the Ecumenical Temple.
 10587 | Temple   | Entered the Ecumenical Temple
 10598 | Temple   | Became a worshipper of Sif Muna the Loreminder
 10668 | D:7      | Learned a level 5 spell: Iskenderun's Battlesphere
 10863 | D:8      | Noticed a troll
 10871 | D:8      | Killed a troll
 11081 | D:8      | Found a shimmering altar of Xom.
 11286 | D:8      | Found a shadowy altar of Dithmenos.
 11548 | D:8      | Reached * piety under Sif Muna
 11548 | D:8      | Reached skill level 13 in Spellcasting
 11604 | D:8      | Found a staircase to the Lair.
 11877 | D:9      | Reached XP level 10. HP: 47/50 MP: 19/29
 12112 | D:9      | Found an oddly glowing altar of Pakellas.
 12374 | D:9      | Found a basalt altar of Yredelemnul.
 12668 | D:9      | Reached ** piety under Sif Muna
 13003 | D:9      | Reached skill level 14 in Spellcasting
 13013 | D:9      | Noticed a cyclops
 13015 | D:9      | Noticed a brown ugly thing
 13018 | D:9      | Killed a brown ugly thing
 13344 | D:9      | Noticed a manticore
 13349 | D:9      | Killed a manticore
 13624 | D:9      | Noticed a centaur warrior
 13627 | D:9      | Killed a centaur warrior
 13627 | D:9      | Reached *** piety under Sif Muna
 13629 | D:9      | Noticed an eight-headed hydra
 13705 | D:9      | Learned a level 2 spell: Swiftness
 13735 | D:9      | Reached skill level 1 in Charms
 13762 | D:9      | Killed a cyclops
 13762 | D:9      | Reached skill level 1 in Air Magic
 13762 | D:9      | Reached XP level 11. HP: 54/54 MP: 14/31
 13876 | D:9      | Reached skill level 15 in Spellcasting
 13878 | D:9      | Killed an eight-headed hydra
 13948 | D:9      | Noticed a hill giant
 13952 | D:9      | Killed a hill giant
 13952 | D:9      | Reached **** piety under Sif Muna
 14301 | D:10     | Entered Level 10 of the Dungeon
 14988 | D:10     | Noticed Nergalle
 15081 | D:10     | Killed Nergalle
 15081 | D:10     | Reached skill level 5 in Charms
 15644 | D:10     | Reached ***** piety under Sif Muna
 15680 | D:10     | Found Aqaunge's Gadget Shop.
 16014 | D:10     | Got a crude leather armour
 16026 | D:10     | Identified the +2 leather armour of Tuilih {rF+++ rC- MR+++ Str-3} (You found it on level 10 of the Dungeon)
 16211 | D:11     | Succumbed to a killer bee's poison

Skill      XL: |  1  2  3  4  5  6  7  8  9 10 11 |
---------------+----------------------------------+-----
Spellcasting   | 4 5 6 7 9 11 13 14 15 | 15.5
Conjurations   | 5 6 7 8 10 11 13 | 13.6
Charms         | 2 5 |  5.4
Air Magic      | 1 4 |  4.0
Dodging        | |  2.4
Stealth        | |  2.4

Action                   |  1- 3 |  4- 6 |  7- 9 | 10-12 || total
-------------------------+-------+-------+-------+-------++-------
Melee: Dagger            |       |     8 |     8 |       ||    16
       Scimitar          |       |       |    46 |    10 ||    56
 Cast: Magic Dart        |    80 |   175 |   291 |   188 ||   734
       Iskenderun's Myst |       |     9 |    51 |    45 ||   105
       Iskenderun's Batt |       |       |     7 |    31 ||    38
       Swiftness         |       |       |       |     2 ||     2
  Use: Scroll            |       |     1 |     6 |     6 ||    13
       Potion            |       |       |       |     5 ||     5
 Stab: Sleeping          |       |     5 |     3 |     2 ||    10
  Eat: Chunk             |     2 |    11 |    21 |    12 ||    46
       Pizza             |       |       |     1 |       ||     1
Armor: Robe              |     4 |    10 |    45 |    21 ||    80
Dodge: Dodged            |     8 |    21 |    85 |    50 ||   164
